 Dungeon Crawl Stone Soup version 0.31-a0-523-g071a6c1ffa (webtiles) character file.

Game seed: 14726998792340331387

19132 AdnanSaban the Basher (level 12, -2/77 HPs)
             Began as a Gargoyle Fighter on Aug 11, 2023.
             Was a Priest of Okawaru.
             Slain by a frost giant
             ... wielding a +2 battleaxe of freezing
              (5 damage)
             ... in an ice cave.
             The game lasted 00:16:11 (13416 turns).

AdnanSaban the Basher (Gargoyle Fighter)           Turns: 13416, Time: 00:16:13

Health: -2/77      AC: 34    Str: 23    XL:     12   Next: 65%
Magic:  11/14      EV:  8    Int: 11    God:    Okawaru [***...]
Gold:   729        SH: 13    Dex: 15    Spells: 11/11 levels left

rFire   . . .        F - +0 demon whip (venom)
rCold   + . .        w - +0 kite shield
rNeg    + . .        L - +0 crystal plate armour {rC+}
rPois   ∞            (no helmet)
rElec   +            (no cloak)
rCorr   .            (no gloves)
SInv    .            C - +0 pair of boots
Will    .....        (no amulet) Stlth
                     h - +6 ring of dexterity
HPRegen 0.32/turn    (no ring)
MPRegen 0.14/turn

%: no passive effects
@: heroic
A: sickness immunity, AC +8, negative energy resistance 1, electricity
resistance, torment resistance 1, petrification resistance
a: Renounce Religion, Heroism


You were in an ice cave.
You worshipped Okawaru.
Okawaru was most pleased with you.
You visited 2 branches of the dungeon, and saw 12 of its levels.
You also visited: Ice Cave.

You collected 729 gold pieces.

Inventory:

Hand Weapons
 x - a +4 morningstar
 F - a +0 demon whip of venom (weapon)
Missiles
 f - 24 poisoned darts (quivered)
 v - a curare-tipped dart
 J - 2 boomerangs
Armour
 w - a +0 kite shield (worn)
 C - a +0 pair of boots (worn)
 L - a +0 crystal plate armour of cold resistance (worn)
Jewellery
 h - a +6 ring of dexterity (left hand)
Wands
 e - a wand of mindburst (6)
 p - a wand of charming (21)
 E - a wand of polymorph (1)
 K - a wand of flame (1)
Scrolls
 a - a scroll of amnesia {unknown}
 b - 7 scrolls of identify {unknown}
 g - 6 scrolls of teleportation {unknown}
 j - 2 scrolls of immolation {unknown}
 m - 2 scrolls of torment {unknown}
 n - a scroll of blinking {unknown}
 t - 2 scrolls of vulnerability {unknown}
 u - a scroll of enchant weapon {unknown}
 y - a scroll of poison {unknown}
 z - 2 scrolls of revelation {unknown}
 A - a scroll of acquirement {unknown}
 D - 2 scrolls of brand weapon {unknown}
 G - a scroll of enchant armour {unknown}
Potions
 c - 3 potions of resistance {unknown}
 d - 3 potions of might
 i - 2 potions of cancellation {unknown}
 k - 2 potions of berserk rage {unknown}
 l - a potion of attraction {unknown}
 o - a potion of enlightenment {unknown}
 q - 3 potions of heal wounds {unknown}
 r - 2 potions of ambrosia {unknown}
 s - 5 potions of curing {unknown}
 B - 2 potions of brilliance {unknown}
 H - a potion of experience {unknown}
 I - a potion of degeneration {unknown}


   Skills:
 + Level 9.7(14.7) Fighting
 + Level 13.5(18.5) Maces & Flails
 + Level 1.2(6.2) Throwing
 + Level 10.1(15.1) Armour
 + Level 3.3(8.3) Dodging
 + Level 1.6(6.6) Stealth
 + Level 9.9(14.9) Shields
 * Level 2.7 Invocations


You had 11 spell levels left.
You didn't know any spells.
Your spell library contained the following spells:

 Spells                   Type           Power      Damage    Failure   Level
 Magic Dart               Conj           0%         1d3       100%        1
 Blink                    Tloc           0%         N/A       100%        2
 Poisonous Vapours        Pois/Air       0%         N/A       100%        2
 Wereblood                Tmut           0%         N/A       100%        2
 Mephitic Cloud           Conj/Pois/Air  0%         N/A       100%        3
 Portal Projectile        Hex/Tloc       0%         N/A       100%        3
 Leda's Liquefaction      Hex/Erth       0%         N/A       100%        4
 Manifold Assault         Tloc           0%         N/A       100%        4
 Freezing Cloud           Conj/Ice/Air   0%         6-21      100%        5
 Call Imp                 Summ           Unusable   N/A       N/A         2
 Sublimation of Blood     Necr           Unusable   N/A       N/A         2
 Call Canine Familiar     Summ           Unusable   N/A       N/A         3
 Summon Hydra             Summ           Unusable   N/A       N/A         7

Dungeon Overview and Level Annotations

Branches:
Dungeon (11/15)            Temple (1/1) D:4            Lair (0/5) D:10
  IceCv (1/1)
    Orc: D:9-12

Altars:
Ashenzari
Cheibriados
Dithmenos
Fedhas
Gozag
Kikubaaqudgha
Makhleb
Nemelex Xobeh
Okawaru
Qazlal
Ru
Sif Muna
Trog
Uskayaw
Vehumet
Wu Jian
Xom
Yredelemnul
Zin
The Shining One


Innate Abilities, Weirdness & Mutations

You are immune to sickness and miasma.
Your stone body is resilient. (AC +8)
You are immune to poison.
You resist negative energy. (rN+)
You are resistant to electric shocks. (rElec)
You are resistant to unholy torment.
You are immune to petrification.


Message History

The death yak looks as sick as possible!
The death yak is moderately wounded.
You thrash the death yak!!
The death yak is heavily wounded.
The death yak gores you.
You barely miss the death yak.
The death yak is heavily wounded.
You hit the death yak.
The death yak looks as sick as possible!
The death yak is severely wounded.
The death yak gores you!
You hit the death yak.
The death yak is severely wounded.
The death yak gores you!
You whack the death yak!
The death yak looks as sick as possible!
The death yak is almost dead.
You whack the death yak!
You kill the death yak!
Okawaru is honoured by your kill.
You can now speed up your combat.
The frost giant gestures at you while chanting.
The bolt of cold hits you! You resist.
You gain the combat prowess of a mighty hero.
You can no longer speed up your combat.
You hit the frost giant but do no damage.
You thrash the frost giant!!
The frost giant looks as sick as possible!
The frost giant is lightly wounded.
The frost giant is engulfed in freezing vapours.
You block the frost giant's attack.
You whack the frost giant!
The frost giant looks as sick as possible!
The frost giant is moderately wounded.
You hit the frost giant but do no damage.
The frost giant looks as sick as possible!
The frost giant is moderately wounded.
The frost giant hits you with a +2 battleaxe of freezing!!
* * * LOW HITPOINT WARNING * * *
The frost giant freezes you.
You die...

###...##≈≈≈≈≈≈##...##..)......###
#...###≈≈≈≈≈≈≈≈#..###...⌠...#..##
.#.#.#≈≈≈≈≈≈≈≈≈###..##.....##...#
##.####≈≈≈≈≈≈≈##..#########..###
###..##≈≈≈≈≈≈≈##..### ##..##
...###≈≈≈≈≈~~####...# #..##
#....######~~~####..## ##...
##.....##..##~h##.#..## ##..
##......######C@#....# ##.
######## ######### ##


You could see a frost giant (extremely poisoned) and a polar bear.

Vanquished Creatures
  A two-headed ogre (D:11)
  Erica (D:9)
  A death yak (IceCv)
  Amaemon (D:9)
  Pikel (D:7)
  An ugly thing (D:11)
  An ice statue (IceCv)
  An orange demon (D:9)
  Maggie (D:8)
  A kobold demonologist (D:11)
  A rime drake (IceCv)
  A komodo dragon (D:11)
  3 trolls
  6 polar bears (IceCv)
  A hornet (D:9)
  3 shadows
  A vampire (D:11)
  28 yaks
  2 wraiths (D:10)
  A steam dragon (D:8)
  3 wargs
  A water moccasin (D:6)
  An acid dragon (D:9)
  An ice beast (D:5)
  3 orc warriors
  2 sky beasts (D:8)
  3 black bears
  4 centaurs
  3 ogres
  18 wolves (IceCv)
  Blork the orc (D:4)
  2 lemures (D:7)
  5 kobold brigands
  A gnoll sergeant (D:7)
  7 bullfrogs
  4 scorpions
  A wyvern zombie (D:6)
  18 wights
  15 killer bees
  2 howler monkeys (D:9)
  A jelly (D:5)
  5 orc priests
  A hound (D:6)
  A bullfrog zombie (D:6)
  14 orc wizards
  9 gnolls
  10 adders
  2 shadow imps
  A white imp (D:6)
  3 ufetubi
  3 worms
  43 orcs
  10 ball pythons
  5 bats
  9 endoplasms
  4 giant cockroaches
  8 hobgoblins
  8 jackals
  4 quokkas
  2 frilled lizards
  7 goblins
  26 kobolds
  7 rats
335 creatures vanquished.

Vanquished Creatures (others)
  A kobold (D:11)
1 creature vanquished.

Grand Total: 336 creatures vanquished

Notes
Turn   | Place    | Note
-------+----------+-------------------------------------------
     0 | D:1      | AdnanSaban the Gargoyle Fighter began the quest for the
                  | Orb.
     0 | D:1      | Reached XP level 1. HP: 14/14 MP: 1/1
    96 | D:1      | Reached XP level 2. HP: 19/19 MP: 2/2
   779 | D:2      | Reached XP level 3. HP: 23/23 MP: 3/3
   998 | D:2      | Reached skill level 3 in Maces & Flails
  1064 | D:2      | Reached XP level 4. HP: 28/28 MP: 4/4
  1609 | D:3      | Reached XP level 5. HP: 26/33 MP: 5/5
  1665 | D:3      | You fall into a shaft and drop 1 floor!
  1699 | D:3      | Identified the +9 dagger "Sofyn" {vamp, rF- rN+ Will+}
  2583 | D:4      | Found a staircase to the Ecumenical Temple.
  2599 | D:4      | Reached skill level 4 in Maces & Flails
  2599 | D:4      | Reached XP level 6. HP: 26/38 MP: 6/6
  2624 | Temple   | Entered the Ecumenical Temple
  2897 | D:4      | Noticed Blork the orc
  2917 | D:4      | Killed Blork the orc
  3219 | D:5      | Entered Level 5 of the Dungeon
  3487 | D:5      | Noticed an ice beast
  3501 | D:5      | Killed an ice beast
  3502 | D:5      | Reached skill level 5 in Maces & Flails
  3502 | D:5      | Reached XP level 7. HP: 15/43 MP: 7/7
  3672 | D:5      | Reached skill level 1 in Dodging
  3714 | D:5      | Reached skill level 5 in Armour
  4183 | D:5      | Reached skill level 6 in Maces & Flails
  4396 | D:5      | Reached XP level 8. HP: 35/48 MP: 8/8
  4763 | D:6      | Reached skill level 5 in Shields
  4775 | D:6      | Reached skill level 5 in Fighting
  4970 | D:6      | Found a blossoming altar of Fedhas.
  5026 | D:6      | Reached skill level 7 in Maces & Flails
  5576 | D:6      | Found a basalt altar of Yredelemnul.
  5887 | D:7      | Reached skill level 8 in Maces & Flails
  5887 | D:7      | Reached XP level 9. HP: 18/55 MP: 9/9
  6743 | D:7      | Reached skill level 1 in Stealth
  6790 | D:7      | Reached skill level 9 in Maces & Flails
  7224 | D:7      | Noticed Pikel
  7244 | D:7      | Killed Pikel
  7245 | D:7      | Reached XP level 10. HP: 33/61 MP: 10/10
  7695 | D:8      | Reached skill level 10 in Maces & Flails
  7906 | D:8      | Noticed Maggie
  7922 | D:8      | Killed Maggie
  8066 | D:8      | Reached skill level 1 in Throwing
  8072 | D:8      | Identified the +3 long sword "Segeal With" {antimagic, rF+}
  8448 | D:8      | Found a shimmering altar of Xom.
  8506 | D:8      | Found a broken altar of Ashenzari.
  8906 | D:9      | Noticed Erica
  8912 | D:9      | Killed Erica
  8913 | D:9      | Reached skill level 11 in Maces & Flails
  8913 | D:9      | Reached XP level 11. HP: 68/68 MP: 11/11
  9160 | D:9      | HP: 2/68 [troll (8)]
  9926 | D:9      | Noticed Amaemon
  9963 | D:9      | Killed Amaemon
 10522 | D:10     | Entered Level 10 of the Dungeon
 10619 | D:10     | Reached skill level 12 in Maces & Flails
 10749 | D:10     | Found a staircase to the Lair.
 10985 | D:10     | Found an iron altar of Okawaru.
 11016 | D:10     | Became a worshipper of Warmaster Okawaru
 11148 | D:10     | Found a burning altar of Makhleb.
 11516 | D:11     | Noticed a purple ugly thing
 11526 | D:11     | Killed a purple ugly thing
 11713 | D:11     | Noticed a two-headed ogre
 11725 | D:11     | Killed a two-headed ogre
 11725 | D:11     | Reached * piety under Okawaru
 11881 | D:11     | Noticed a skeletal warrior
 11881 | D:11     | Noticed a skeletal warrior
 11942 | D:11     | Found a frozen archway.
 11982 | D:11     | Reached XP level 12. HP: 58/76 MP: 12/12
 12000 | IceCv    | Entered an ice cave
 12593 | IceCv    | Reached ** piety under Okawaru
 12653 | IceCv    | Reached skill level 13 in Maces & Flails
 12988 | IceCv    | Reached skill level 1 in Invocations
 13037 | IceCv    | Reached skill level 10 in Armour
 13077 | IceCv    | Reached *** piety under Okawaru
 13369 | IceCv    | Noticed a death yak
 13369 | IceCv    | Noticed a frost giant
 13369 | IceCv    | Noticed a death yak
 13371 | IceCv    | Noticed a death yak
 13411 | IceCv    | Killed a death yak
 13411 | IceCv    | Reached **** piety under Okawaru
 13416 | IceCv    | HP: 3/77 [frost giant/+2 battleaxe of freezing (27)]
 13416 | IceCv    | Slain by a frost giant

Illustrated notes

Levels and vault maps discovered:
D:1:      dpeg_arrival_brainrot, layout_loops_ring
D:2:      layout_loops_cross
D:3:      layout_basic, kennysheep_doodads, kennysheep_minor_cross,
          grunt_ministairs_14, chequers_serial_rivers_large_b
D:4:      layout_basic, minmay_temple_entry_purple_smoke, uniq_blork_the_orc
D:5:      layout_basic
D:6:      lemuel_ice_spiral_2, layout_basic, mainiacjoe_overflow_24_doors,
          nicolae_overflow_hidden_temple, lemuel_zombie_altar_yredelemnul,
          serial_demonic, serial_demonic_f, serial_demonic_b, serial_demonic_g,
          serial_demonic_e
D:7:      layout_loops_ring, uniq_pikel
D:8:      layout_loops_ring, mainiacjoe_overflow_large_starburst,
          palyth_stone_intersect, uniq_maggie
D:9:      layout_grid_maze, minivault_22, uniq_erica, uniq_amaemon
D:10:     layout_basic, kennysheep_mini_moat, nicolae_overflow_crystal_walls,
          erik_lair_orcish_takeover
D:11:     layout_rooms, serial_shops, shop, portal_ice_cave_entry_pillars_1
Temple:   nicolae_temple_bog_church
IceCv:    ice_cave_caverns_02

Skill      XL: |  1  2  3  4  5  6  7  8  9 10 11 12 |
---------------+-------------------------------------+-----
Maces & Flails | 3 4 5 6 8 9 11 12 13 | 13.5
Shields        | 4 5 6 8 9 |  9.9
Armour         | 4 5 6 7 8 9 10 | 10.1
Fighting       | 4 5 6 7 9 |  9.7
Dodging        | 1 2 3 |  3.3
Stealth        | 1 |  1.6
Throwing       | 1 |  1.2
Invocations    | 2 |  2.7

Action                     |  1- 3 |  4- 6 |  7- 9 | 10-12 || total
---------------------------+-------+-------+-------+-------++-------
  Melee: Flail             |   100 |   225 |   274 |   122 ||   721
         Mace              |       |    13 |    27 |       ||    40
         Whip              |       |       |    43 |       ||    43
         Morningstar       |       |       |       |   586 ||   586
         Demon whip        |       |       |       |    22 ||    22
  Throw: Dart              |       |       |       |    10 ||    10
 Invoke: Heroism           |       |       |       |     1 ||     1
 Armour: Chain mail        |   116 |   197 |   184 |   384 ||   881
         Scale mail        |     5 |       |       |       ||     5
         Crystal plate arm |       |       |       |   126 ||   126
  Dodge: Dodged            |    50 |    92 |   132 |   257 ||   531
  Block: Buckler           |    42 |    76 |    65 |       ||   183
         Kite shield       |       |       |    49 |   458 ||   507

Table legend: (Time is in decaauts)
 A = Elapsed time spent in this place.
 B = Non-inter-level travel time spent in this place.
 C = Inter-level travel time spent in this place.
 D = Time resting spent in this place.
 E = Time spent auto-exploring this place.
 F = Levels seen in this place.
 G = Mean time per level.
                   A        B        C        D        E       F      G
               +--------+--------+--------+--------+--------+-----+--------+
         Total |  13572 |  13158 |    414 |   1193 |   9255 |  13 | 1044.0 |
       Dungeon |  12166 |  11752 |    414 |    665 |   8768 |  11 | 1106.0 |
        Temple |      1 |      1 |      0 |      0 |      0 |   1 |    1.0 |
      Ice Cave |   1404 |   1404 |      0 |    528 |    486 |   1 | 1404.0 |
               +--------+--------+--------+--------+--------+-----+--------+

Top non-repeatable levels by time:
     D:5: 1718 daAuts
     D:9: 1654 daAuts
   IceCv: 1404 daAuts
     D:7: 1384 daAuts
     D:8: 1331 daAuts
     D:6: 1310 daAuts
     D:3: 1142 daAuts
    D:10: 981 daAuts
     D:2: 745 daAuts
     D:1: 733 daAuts
     D:4: 722 daAuts
    D:11: 442 daAuts
  Temple: 1 daAuts
